Map: Jagannatha LE

Players

ExpecT

  • Race: Terran Terran

ButAlways - Winner!

  • Race: Protoss Protoss

Event: DreamHack SC2 Masters 2021 Fall

VOD

Have the link to the VOD?

Description

Time

  • Played on: July 31, 2021, 8:08 a.m.
  • Length: 12:51

All games in this series

Show
View Real Time Build Order
Export as new Build Order

ExpecT Terran 

Build Orders:  

Get SALT Encoding   

  12  0:00  SCV  
  13  0:12  SCV  
  14  0:17  Supply Depot  
  14  0:25  SCV  
  15  0:39  SCV  
  15  0:40  Barracks  
  16  0:44  Refinery  
  16  0:51  SCV  
  17  1:03  SCV  
  18  1:16  SCV  
  19  1:28  Marine  
  19  1:29  Orbital Command  
  20  1:46  Command Center  
  20  1:51  Barracks Reactor  
  20  1:56  SCV  
  21  2:06  Factory  
  21  2:09  SCV  
  22  2:17  Supply Depot  
  22  2:21  SCV  
  23  2:32  Refinery, Bunker  
  23  2:38  Marine x2, SCV  
  26  2:50  SCV  
  26  2:51  Starport  
  27  2:52  Factory Tech Lab  
  29  3:00  Orbital Command  
  29  3:04  SCV  
  28  3:09  Marine x2  
  30  3:17  Cyclone  
  33  3:20  SCV  
  34  3:28  SCV  
  34  3:32  SCV  
  34  3:34  Viking  
  38  3:35  Marine  
  38  3:39  Supply Depot  
  39  3:42  SCV  
  39  3:44  SCV  
  41  3:50  Cyclone  
  41  3:54  SCV  
  45  3:55  Marine  
  45  4:00  Marine  
  45  4:01  Supply Depot  
  47  4:07  Viking  
  47  4:09  SCV  
  50  4:11  SCV  
  51  4:19  Marine x2  
  51  4:21  SCV  
  54  4:25  Siege Tank  
  54  4:26  SCV  
  54  4:31  Supply Depot  
  58  4:35  SCV  
  59  4:38  Supply Depot, SCV  
  59  4:41  Viking  
  62  4:51  Marine  
  62  4:52  Marine, SCV x2  
  65  4:58  Siege Tank  
  68  5:07  Command Center  
  68  5:13  Marine x2  
  70  5:15  Viking  
  70  5:17  SCV x2  
  70  5:19  Supply Depot  
  74  5:26  Barracks  
  74  5:30  Barracks  
  74  5:32  Marine  
  74  5:33  Marine  
  76  5:36  SCV x2  
  76  5:41  Siege Tank  
  80  5:50  Marine x2  
  80  5:55  Bunker  
  80  5:56  SCV x2  
  84  5:57  Bunker  
  84  6:03  Bunker  
  83  6:07  Bunker  
  68  6:19  Marine x2  
  68  6:21  Barracks Tech Lab  
  68  6:24  SCV  
  68  6:27  Siege Tank  
  68  6:28  Orbital Command, Starport Reactor  
  68  6:31  Barracks x2  
  64  6:35  SCV  
  64  6:36  SCV  
  59  6:41  Marine x2  
  59  6:42  Barracks Tech Lab  
  59  6:44  Stimpack  
  59  6:45  Marine  
  62  6:49  Refinery  
  62  6:50  Refinery  
  61  6:56  SCV  
  61  6:59  Marine x2  
  61  7:03  Marauder  
  61  7:04  Siege Tank  
  61  7:08  Marine  
  67  7:11  SCV  
  67  7:12  SCV  
  69  7:16  Marine  
  69  7:17  Marine, Engineering Bay x2  
  69  7:18  Supply Depot  
  69  7:20  SCV  
  72  7:23  Barracks Reactor  
  72  7:24  Marine, Barracks Tech Lab  
  72  7:29  SCV x2  
  75  7:32  SCV  
  75  7:33  Marauder  
  75  7:34  Marine x2  
  75  7:36  Siege Tank  
  79  7:41  SCV  
  79  7:42  Orbital Command  
  79  7:46  Marauder x2  
  79  7:48  Missile Turret  
  79  7:50  Missile Turret  
  83  7:52  Marine x2, Medivac x2  
  83  7:57  SCV x2  
  91  8:00  Marine x2  
  91  8:04  Marauder  
  95  8:06  Ghost Academy  
  95  8:07  Marauder  
  95  8:09  SCV  
  95  8:12  Marine x2  
  100  8:13  Orbital Command  
  100  8:22  Terran Infantry Armor Level 1, SCV, Terran Infantry Weapons Level 1  
  100  8:23  SCV  
  102  8:28  Marine, Marauder x3  
  109  8:38  Marine, SCV  
  111  8:48  SCV x2  
  112  8:52  Supply Depot  
  112  8:54  Supply Depot  
  112  8:55  Ghost x2  
  112  8:56  Marine  
  112  9:00  Marine x2  
  112  9:01  SCV x2  
  121  9:04  Marine  
  121  9:07  Combat Shield  
  122  9:13  Marauder  
  122  9:14  Marine  
  125  9:17  SCV x3  
  125  9:18  Marine  
  125  9:23  Medivac  
  125  9:24  Medivac  
  131  9:30  SCV x2  
  132  9:32  Refinery  
  132  9:33  Refinery  
  132  9:34  Supply Depot  
  132  9:37  Missile Turret  
  132  9:39  SCV  
  132  9:40  Concussive Shells  
  132  9:42  SCV x2  
  132  9:44  Siege Tank  
  137  9:50  Marauder  
  137  9:51  Marine, Marauder  
  141  9:55  Marine, Marauder  
  141  9:56  SCV, Missile Turret  
  141  9:57  Missile Turret  
  143  10:03  Medivac x2  
  147  10:09  Supply Depot  
  147  10:11  Marine  
  147  10:13  Marine  
  149  10:24  Marauder  
  149  10:30  Marine x2  
  149  10:31  Marauder x2  
  149  10:32  Supply Depot  
  155  10:35  Sensor Tower  
  155  10:40  Supply Depot  
  155  10:41  Supply Depot  
  155  10:45  Viking, Ghost  
  155  10:47  Siege Tank  
  162  10:51  Ghost  
  162  10:55  Ghost  
  162  10:56  Marine x2  
  168  10:58  Marine  
  169  11:04  Marine  
  169  11:09  Supply Depot  
  170  11:12  Supply Depot  
  170  11:14  Marauder  
  172  11:19  Siege Tank  
  172  11:21  Ghost  
  172  11:22  Marine x3  
  172  11:23  Marine  
  172  11:24  Ghost  
  183  11:32  Viking x2  
  187  11:40  Armory  
  187  11:43  Ghost  
  187  11:44  Marine x2  
  185  12:01  Siege Tank  
  170  12:02  Viking x2  
  170  12:04  Marine, Marauder x2  
  179  12:13  Marine x3, Marauder  
  166  12:28  Marine, Marauder x2  
  124  12:31  Marine x3  
Show
View Real Time Build Order
Export as new Build Order

ButAlways Protoss - Winner!

Build Orders: 1 Gate Expand, Phoenix Opening, Colossus Rush 

Get SALT Encoding   

  12  0:00  Probe  
  13  0:12  Probe  
  14  0:17  Pylon  
  14  0:24  Probe  
  15  0:35  Gateway  
  15  0:37  Probe (Chrono Boost)  
  16  0:47  Probe (Chrono Boost)  
  16  0:49  Assimilator  
  17  0:52  Probe (Chrono Boost)  
  18  1:04  Probe  
  19  1:16  Probe  
  20  1:24  Nexus  
  20  1:35  Cybernetics Core  
  20  1:38  Probe  
  21  1:44  Assimilator  
  21  1:50  Probe  
  22  1:55  Pylon  
  22  2:02  Probe  
  23  2:12  Adept (Chrono Boost)  
  23  2:15  Probe (Chrono Boost)  
  26  2:20  Stargate  
  26  2:27  Probe (Chrono Boost)  
  26  2:29  Warp Gate  
  27  2:33  Probe (Chrono Boost)  
  27  2:35  Adept  
  30  2:37  Probe (Chrono Boost)  
  32  2:46  Probe x2 (Chrono Boost)  
  33  2:51  Probe (Chrono Boost)  
  33  2:53  Probe  
  35  3:03  Probe (Chrono Boost)  
  37  3:05  Phoenix  
  37  3:06  Probe (Chrono Boost)  
  39  3:14  Robotics Facility  
  39  3:15  Probe (Chrono Boost)  
  41  3:23  Pylon, Probe (Chrono Boost)  
  41  3:24  Probe (Chrono Boost)  
  42  3:29  Probe  
  42  3:30  Phoenix  
  42  3:31  Probe  
  46  3:36  Assimilator  
  46  3:39  Assimilator  
  46  3:41  Shield Battery  
  46  3:44  Probe x2  
  48  3:51  Pylon  
  48  3:56  Probe  
  48  3:57  Probe  
  50  4:04  Observer (Chrono Boost)  
  50  4:07  Robotics Bay  
  50  4:09  Probe  
  52  4:10  Probe  
  52  4:12  Pylon  
  53  4:17  Immortal (Chrono Boost)  
  53  4:21  Probe  
  58  4:25  Phoenix  
  58  4:29  Stalker  
  62  4:33  Pylon  
  62  4:43  Gateway x2  
  62  4:48  Observer  
  62  4:50  Phoenix  
  65  4:54  Colossus (Chrono Boost)  
  70  5:02  Pylon  
  70  5:06  Zealot  
  72  5:13  Pylon  
  71  5:15  Phoenix  
  71  5:18  Pylon  
  73  5:24  Extended Thermal Lance  
  73  5:30  Zealot  
  73  5:35  Colossus (Chrono Boost)  
  81  5:47  Zealot  
  81  5:48  Zealot  
  84  5:55  Zealot  
  86  6:04  Gateway  
  86  6:06  Gateway  
  86  6:07  Pylon  
  86  6:08  Zealot x2  
  78  6:24  Phoenix  
  80  6:34  Colossus  
  82  6:46  Sentry x2  
  86  6:49  Phoenix  
  88  7:00  Nexus  
  88  7:04  Twilight Council  
  88  7:09  Forge  
  88  7:10  Pylon  
  88  7:14  Phoenix, Probe x2  
  92  7:19  Sentry  
  94  7:26  Probe  
  94  7:27  Probe  
  94  7:28  Observer  
  97  7:33  Protoss Ground Weapons Level 1 (Chrono Boost)  
  97  7:35  Charge (Chrono Boost)  
  97  7:39  Phoenix, Probe x2  
  101  7:50  Observer  
  101  7:51  Probe x2  
  104  7:52  Shield Battery  
  104  7:53  Pylon  
  104  7:57  Zealot x2  
  108  8:01  Zealot  
  110  8:11  Phoenix  
  110  8:12  Pylon  
  112  8:13  Templar Archives  
  112  8:21  Warp Prism  
  114  8:33  Gateway, Zealot  
  116  8:34  Sentry  
  116  8:35  Gateway, Zealot  
  120  8:44  Zealot x2  
  124  8:58  Immortal (Chrono Boost)  
  128  9:05  Gateway x2, High Templar x2  
  128  9:06  Zealot  
  128  9:09  Pylon  
  134  9:10  Pylon  
  134  9:11  Archon  
  134  9:13  Phoenix  
  136  9:18  Zealot x2  
  136  9:22  Protoss Ground Weapons Level 2 (Chrono Boost)  
  136  9:34  Assimilator  
  136  9:38  Assimilator, Observer, Phoenix  
  138  9:45  Zealot x6  
  150  9:50  Pylon  
  150  9:54  Disruptor (Chrono Boost)  
  153  10:04  Nexus  
  153  10:06  Nexus  
  152  10:17  Phoenix  
  152  10:19  Probe x2  
  156  10:24  Disruptor (Chrono Boost)  
  157  10:30  Pylon  
  157  10:33  Phoenix  
  157  10:42  Probe x2  
  161  10:43  Zealot x2  
  161  10:46  Pylon  
  161  10:49  Pylon  
  165  10:57  Phoenix  
  165  10:58  High Templar x2  
  165  10:59  Zealot  
  165  11:03  Pylon  
  173  11:04  Pylon  
  173  11:06  Pylon  
  171  11:19  High Templar x2  
  171  11:20  High Templar x2  
  171  11:21  Archon  
  171  11:24  Phoenix  
  179  11:25  Archon  
  179  11:26  Archon  
  179  11:28  Zealot x2  
  179  11:30  Disruptor (Chrono Boost)  
  186  11:49  Zealot x4  
  184  11:59  Disruptor  
  164  12:06  High Templar x2, Zealot x2  
  172  12:12  Archon  
  172  12:16  Zealot x4  
  135  12:36  Zealot x6  

Tags
 
Add a new tag
Caveats
  • Supply blocks, unpowered buildings, or Contaminate may cause inaccurate times.
  • Supply counts are checked every 10 seconds.